 Dungeon Crawl Stone Soup version 0.32-a0-909-gc671339a80 (webtiles) character file.

Game seed: 13539559879544804722

755 Esekla the Trooper (level 7, -1/50 (54) HPs)
             Began as a Demonspawn Wanderer on Apr 6, 2024.
             Was an Initiate of Vehumet.
             Slain by a wight
             ... wielding a +4 short sword
              (4 damage)
             ... in an ossuary.
             The game lasted 00:34:33 (5664 turns).

Esekla the Trooper (Demonspawn Wanderer)            Turns: 5664, Time: 00:34:33

HP:   -1/50 (54)    AC:  6    Str:  9    XL:     7   Next: 49%
MP:   0/12          EV: 11    Int: 18    God:    Vehumet [......]
Gold: 241           SH:  0    Dex: 12    Spells: 10/13 levels left

rFire   . . .        a - +0 dagger
rCold   . . .        (no shield)
rNeg    . . .        c - +0 robe
rPois   .            l - +0 helmet
rElec   .            (no cloak)
rCorr   .            (no gloves)
SInv    .            i - +0 pair of boots
Will    .....        (no amulet)
Stlth   ++           (no ring)
HPRegen 0.28/turn    (no ring)
MPRegen 0.26/turn

%: guardian spirit
@: drained, invisible
A: icy blue scales 1, ignite blood 1, magic shield, magic regeneration
a: Renounce Religion


You were in an ossuary.
You worshipped Vehumet.
Vehumet was noncommittal.
You visited 2 branches of the dungeon, and saw 6 of its levels.
You also visited: Ossuary.

You collected 241 gold pieces.

Inventory:

Hand Weapons
 a - a +0 dagger (weapon)
 f - a +0 spear
Missiles
 r - 4 poisoned darts (quivered)
Armour
 c - a +0 robe (worn)
 i - a +0 pair of boots (worn)
 l - a +0 helmet (worn)
Jewellery
 o - a ring of flight
Scrolls
 n - a scroll of poison {unknown}
 p - a scroll of identify {unknown}
 q - a scroll of revelation {unknown}
 s - a scroll of vulnerability {unknown}
Potions
 b - a potion of heal wounds {unknown}
 d - a potion of attraction
 e - a potion of might {unknown}
 g - a potion of mutation {unknown}
 h - a potion of brilliance {unknown}
 j - a potion of curing
 k - 2 potions of invisibility
 m - a potion of magic {unknown}
 t - a potion of cancellation {unknown}


   Skills:
 * Level 4.1 Fighting
 + Level 3.0 Short Blades
 - Level 1.0 Throwing
 + Level 1.0 Armour
 + Level 2.9 Dodging
 + Level 1.6 Stealth
 * Level 3.6 Spellcasting
 * Level 4.0 Necromancy
 - Level 2.6 Fire Magic


You had 10 spell levels left.
You knew the following spells:

 Your Spells              Type           Power      Damage    Failure   Level
d - Vampiric Draining     Necr           17%        2d7       9%          3

Your spell library contained the following spells:

 Spells                   Type           Power      Damage    Failure   Level
 Kiss of Death            Conj/Necr      40%        2d8       7%          1
 Foxfire                  Conj/Fire      32%        2x1d5     9%          1
 Static Discharge         Conj/Air       6%         3-4/arc   24%         2
 Volatile Blastmotes      Fire/Tloc      16%        2d11      26%         3
 Summon Blazeheart Golem  Fire/Summ      8%         N/A       65%         4
 Airstrike                Air            1%         2d(1-17)  83%         4
 Summon Lightning Spire   Summ/Air       3%         N/A       83%         4


Dungeon Overview and Level Annotations

Branches:
Dungeon (5/15)             Temple (1/1) D:4         Ossuary (1/1)

Altars:
Ashenzari
Cheibriados
Dithmenos
Gozag
Hepliaklqana
Nemelex Xobeh
Okawaru
Ru
Sif Muna
Trog
Vehumet
Yredelemnul

Shops:
D:4 *

Annotations:
D:2 gnolls


Innate Abilities, Weirdness & Mutations

You are partially covered in icy blue scales. (AC +2)
Your demonic aura sometimes causes spilled blood to erupt in flames.
When hurt, damage is shared between your health and your magic reserves.
You regenerate magic rapidly.


Message History

You hit the wight but do no damage.
The wight is heavily damaged.
The wight hits you with a +4 short sword!
You hit the wight.
The wight is heavily damaged.
The wight hits you with a +4 short sword!
You feel drained. The wight closely misses you.
There is an open door, spattered with blood here.
The wight attacks as it pursues you!
The wight hits you with a +4 short sword.
* * * LOW HITPOINT WARNING * * *
You feel drained.
* * * LOW HITPOINT WARNING * * *
You barely miss the wight.
The wight is heavily damaged.
You hit the wight but do no damage.
The wight is heavily damaged.
The wight hits you but does no damage.
You closely miss the wight.
The wight is heavily damaged.
The wight barely misses you.
You barely miss the wight.
The wight is heavily damaged.
The wight closely misses you.
You hit the wight but do no damage.
The wight is heavily damaged.
The wight hits you with a +4 short sword.
* * * LOW HITPOINT WARNING * * *
You barely miss the wight.
The wight is heavily damaged.
You hit the wight but do no damage.
The wight is heavily damaged.
The wight hits you with a +4 short sword!
* * * LOW HITPOINT WARNING * * *
You feel drained.
* * * LOW HITPOINT WARNING * * *
You fade into invisibility!
The wight hits you with a +4 short sword.
You die...

##+#
#...####
+.?.z@.#
#...##.#
##+# #'#
#.## #..#
##.##
#..#
##.## #Z
##+###..#


You could see a wight (unable to see you).

Vanquished Creatures
  2 ogres
  A phantom (D:4)
  A scorpion (D:4)
  A hound (D:4)
  A bombardier beetle (D:5)
  A jelly (D:4)
  A centaur skeleton (Ossuary)
  An iguana (D:5)
  4 orc wizards
  An ogre skeleton (Ossuary)
  A mummy (Ossuary)
  5 gnolls
  4 adders
  6 dart slugs
  5 orcs
  8 ball pythons
  2 endoplasms (D:2)
  5 giant cockroaches
  6 goblins
  5 hobgoblins
  13 jackals
  A quokka (D:2)
  4 bats
  6 frilled lizards
  10 kobolds
  10 rats
  A spectral goblin (D:1)
106 creatures vanquished.

Notes
Turn   | Place    | Note
-------+----------+-------------------------------------------
     0 | D:1      | Esekla the Demonspawn Wanderer began the quest for the Orb.
     0 | D:1      | Esekla set off with the following items: a +0 dagger, a
                  | scroll of fear, a +0 robe, a potion of attraction; and the
                  | following spells available to memorise: Foxfire, Kiss of
                  | Death, Volatile Blastmotes, Vampiric Draining, Summon
                  | Blazeheart Golem.
     0 | D:1      | Reached XP level 1. HP: 15/15 MP: 3/3
   180 | D:1      | Gained mutation: You are partially covered in icy blue
                  | scales. (AC +2) [demonic ancestry]
   180 | D:1      | Reached XP level 2. HP: 14/21 MP: 5/5
   471 | D:1      | Found a faded altar of an unknown god.
   885 | D:1      | Reached XP level 3. HP: 26/26 MP: 6/6
  1252 | D:1      | Learned a level 3 spell: Vampiric Draining
  1265 | D:1      | Reached skill level 1 in Short Blades
  2367 | D:2      | Gained mutation: You regenerate magic rapidly. [demonic
                  | ancestry]
  2367 | D:2      | Reached XP level 4. HP: 33/33 MP: 7/7
  2669 | D:3      | Reached skill level 1 in Stealth
  3213 | D:3      | Gained mutation: When hurt, damage is shared between your
                  | health and your magic reserves. [demonic ancestry]
  3213 | D:3      | Reached XP level 5. HP: 32/39 MP: 5/8
  3438 | D:4      | Found a staircase to the Ecumenical Temple.
  3444 | Temple   | Entered the Ecumenical Temple
  3474 | Temple   | Became a worshipper of Vehumet
  3591 | D:4      | Found Goiqapos's General Store.
  3787 | D:4      | Gained mutation: Your demonic aura sometimes causes spilled
                  | blood to erupt in flames. [demonic ancestry]
  3787 | D:4      | Reached XP level 6. HP: 21/47 MP: 1/10
  4637 | D:4      | Found a shimmering blue altar of Sif Muna.
  4810 | D:5      | Entered Level 5 of the Dungeon
  4820 | D:5      | Reached XP level 7. HP: 52/52 MP: 12/12
  5047 | D:5      | HP: 2/52 [phantom (2)]
  5386 | D:5      | Found a sand-covered staircase.
  5411 | Ossuary  | Entered an ossuary
  5664 | Ossuary  | Slain by a wight

Illustrated notes

Levels and vault maps discovered:
D:1:      dpeg_arrival_central, layout_loops_ring,
          dreamdust_ecumenical_altar_drowned_temple, st_stairs_6,
          minmay_misc_feat_square
D:2:      layout_loops_corners
D:3:      layout_loops_ring
D:4:      layout_basic, mainiacjoe_overflow_surrounded_room, temple_fountains,
          serial_shops, nicolae_shop_tiny_statue_garden
D:5:      layout_loops_corners, mainiacjoe_overflow_six_doors_small,
          nicolae_ossuary_entry_false_entrances
Temple:   nicolae_temple_figure_eight
Ossuary:  ossuary_due_small_catacomb

Skill      XL: |  1  2  3  4  5  6  7 |
---------------+----------------------+-----
Necromancy     | 2 3 4 |  4.0
Short Blades   | 1 2 3 |  3.0
Fighting       | 2 3 4 |  4.1
Stealth        | 1 |  1.6
Dodging        | 2 |  2.9
Spellcasting   | 3 |  3.6
Throwing       | |  1.0
Armour         | |  1.0
Fire Magic     | |  2.6

Action                     |  1- 3 |  4- 6 |  7- 9 || total
---------------------------+-------+-------+-------++-------
  Melee: Dagger            |   289 |   369 |   136 ||   794
  Throw: Dart              |    20 |     8 |     9 ||    37
   Cast: Vampiric Draining |     3 |    16 |     5 ||    24
    Use: Scroll            |     3 |     1 |     2 ||     6
         Potion            |     1 |     2 |     1 ||     4
   Stab: Sleeping          |     1 |     3 |     1 ||     5
 Armour: Robe              |   172 |   227 |    76 ||   475
  Dodge: Dodged            |   115 |   206 |    39 ||   360

Table legend: (Time is in decaauts)
 A = Elapsed time spent in this place.
 B = Non-inter-level travel time spent in this place.
 C = Inter-level travel time spent in this place.
 D = Time resting spent in this place.
 E = Time spent auto-exploring this place.
 F = Levels seen in this place.
 G = Mean time per level.
                   A        B        C        D        E       F      G
               +--------+--------+--------+--------+--------+-----+--------+
         Total |   5619 |   5454 |    165 |    989 |   1164 |   7 |  802.7 |
       Dungeon |   5316 |   5208 |    108 |    846 |   1164 |   5 | 1063.2 |
        Temple |     58 |      1 |     57 |      0 |      0 |   1 |   58.0 |
       Ossuary |    243 |    243 |      0 |    143 |      0 |   1 |  243.0 |
               +--------+--------+--------+--------+--------+-----+--------+

Top non-repeatable levels by time:
     D:1: 1461 daAuts
     D:2: 1173 daAuts
     D:4: 1088 daAuts
     D:3: 1036 daAuts
     D:5: 557 daAuts
 Ossuary: 243 daAuts
  Temple: 58 daAuts
